 Dungeon Crawl Stone Soup version 0.29.1-1-gd02db69 (webtiles) character file.

Game seed: 5834947573224312960

2382 Timinator the Ruffian (level 9, -9/103 HPs)
             Began as a Demigod Transmuter on Dec 19, 2022.
             Mangled by Lodul
             ... wielding a +2 great mace of protection
              (23 damage)
             ... on level 10 of the Dungeon.
             The game lasted 00:21:34 (6048 turns).

Timinator the Ruffian (Demigod Transmuter)          Turns: 6048, Time: 00:21:35

Health: -9/103     AC:  5    Str: 23    XL:     9   Next: 2%
Magic:  17/19      EV: 14    Int: 15    God:
Gold:   430        SH:  0    Dex: 24    Spells: 8/17 levels left

rFire   . . .      SeeInvis .     - Unarmed
rCold   + . .      Faith    .   (no shield)
rNeg    . . .      Spirit   .   o - +0 ring mail
rPois   .          Reflect  .   (helmet currently unavailable)
rElec   .          Harm     .   a - scarf {repulsion}
rCorr   .          Rampage  .   (no gloves)
Will    .....                   (boots currently unavailable)
Stlth   ..........              f - amulet of regeneration
HPRegen 1.07/turn               l - +6 ring of dexterity
MPRegen 0.16/turn               m - ring "Ikuw" {rC+ Str+4}

@: mighty, berserking, appendages, wereblooded, repel missiles, very quick
A: horns 2, talons 2, high MP 1, forlorn, divine attributes
a: End Transformation


You were on level 10 of the Dungeon.
You had temporarily grown beastly horns and talons.
You visited 2 branches of the dungeon, and saw 9 of its levels.

You collected 430 gold pieces.

Inventory:

Armour
 a - a scarf of repulsion (worn)
 o - a +0 ring mail (worn)
Jewellery
 f - an amulet of regeneration (around neck)
 l - a +6 ring of dexterity (left hand)
 m - the ring "Ikuw" (right hand) {rC+ Str+4}
   (You found it on level 2 of the Dungeon)

   [ring of protection from cold]

   Str:       It affects your strength (+4).
   rC:        It protects you from cold.
 r - a ring of see invisible
 v - a +4 ring of evasion
 z - a +6 ring of dexterity
 C - a +6 ring of dexterity
Wands
 B - a wand of flame (18)
Scrolls
 i - a scroll of summoning {unknown}
 j - 3 scrolls of noise {unknown}
 k - a scroll of teleportation {unknown}
 n - 3 scrolls of amnesia {unknown}
 q - a scroll of acquirement {unknown}
 t - 2 scrolls of blinking {unknown}
 w - a scroll of fear {unknown}
 y - a scroll of poison {unknown}
Potions
 b - 2 potions of lignification
 d - a potion of mutation {unknown}
 e - a potion of ambrosia
 g - 2 potions of heal wounds
 p - a potion of curing {unknown}
 s - a potion of haste {unknown}
 u - a potion of magic
 x - a potion of cancellation
 A - a potion of flight {unknown}


   Skills:
 + Level 3.1 Fighting
 - Level 2.4 Armour
 * Level 4.8 Dodging
 + Level 6.9 Unarmed Combat
 + Level 4.7 Spellcasting
 + Level 5.2 Transmutations


You had 8 spell levels left.
You knew the following spells:

 Your Spells              Type           Power      Damage    Failure   Level
a - Beastly Appendage     Tmut           38%        N/A       3%          1
b - Wereblood             Tmut           19%        N/A       4%          2
c - Statue Form           Tmut/Erth      7%         N/A       100%        6

Your spell library contained the following spells:

 Spells                   Type           Power      Damage    Failure   Level
 Apportation              Tloc           6%         N/A       26%         1
 Freeze                   Ice            12%        1d4       26%         1
 Shock                    Conj/Air       12%        1d3       26%         1
 Spider Form              Tmut/Pois      11%        N/A       26%         3
 Frozen Ramparts          Ice            6%         1d1       61%         3
 Swiftness                Air            3%         N/A       61%         3
 Ice Form                 Ice/Tmut       11%        N/A       65%         4
 Airstrike                Air            1%         2d(1-17)  95%         4
 Fulminant Prism          Conj/Hex       1%         3d6       95%         4
 Hailstorm                Conj/Ice       3%         3d3       95%         4
 Iskenderun's Mystic Bla  Conj/Tloc      3%         2d3       95%         4
 Leda's Liquefaction      Hex/Erth       1%         N/A       95%         4
 Lee's Rapid Deconstruct  Erth           1%         3d5*      100%        5


Dungeon Overview and Level Annotations

Branches:
Dungeon (7/15)             Temple (1/1) D:6

Shops:
D:2 [

Annotations:
D:10 Lodul
Temple 2 transporters


Innate Abilities, Weirdness & Mutations

You have temporarily grown beastly horns and talons.
You have an increased reservoir of magic. (+10% MP)
You shall have no god before yourself.
Your divine heritage dramatically boosts your attributes as you level up.


Message History

An ogre comes into view. It is wielding a +0 giant spiked club.
The ogre closely misses you.
You punch the ogre! You claw the ogre.
You kill the ogre!
You punch the ogre! You claw the ogre! You punch the ogre!
The ogre is almost dead.
The ogre hits you with a +0 giant club!
You punch the ogre!
You kill the ogre!
Casting: Beastly Appendage (safe; 3% risk of failure)
Confirm with . or Enter, or press ? or * to list all spells.
Your blood is infused with primal strength.
The ogre closely misses you.
You barely miss the ogre. You claw the ogre!
The ogre is heavily wounded.
The ogre hits you with a +0 giant spiked club!
You punch the ogre! Your kick misses the ogre.
The ogre is severely wounded.
You pummel the ogre!!
You feel a bit better.
You kill the ogre!
You have reached level 9!
Your experience leads to a dramatic increase in your attributes!
Your base attributes are Str 15, Int 15, Dex 18.
Increase (S)trength, (I)ntelligence, or (D)exterity?
You feel stronger. x4
You hit Lodul. You claw Lodul, but do no damage.
Lodul is lightly wounded.
Lodul hits you with a +2 great mace of protection!!!
Ouch! That really hurt!
* * * LOW HITPOINT WARNING * * *
Okay, then.
Press: ? - help, v - describe, . - travel The floor, spattered with blood.
Okay, then.
A red film seems to cover your vision as you go berserk!
You feel yourself moving faster!
You feel mighty!
You punch Lodul! You claw Lodul! Your headbutt misses Lodul. You punch Lodul!
Lodul is heavily wounded.
Lodul hits you with a +2 great mace of protection!!
You die...

#.# .. #.. #.#
#.##.O #.# #.#..
#.# ....# #.#
#... #.# ... #.#
#.###T########.#
#....OO@....)..#
#####.##########
#. #. #. #. #.
##


You could see Lodul, a troll and an ogre.

Vanquished Creatures
  A black bear (D:5)
  An orc warrior (D:7)
  2 sky beasts (D:7)
  8 ogres (D:10)
  A phantom (D:4)
  A bullfrog (D:6)
  A scorpion (D:5)
  7 wights (D:6)
  2 jellies
  7 hounds
  An orc priest (D:6)
  3 iguanas
  Jessica (D:3)
  2 gnoll boudas (D:6)
  5 orc wizards
  7 gnolls (D:6)
  6 adders
  A white imp (D:6)
  14 orcs
  6 endoplasms
  4 giant cockroaches
  7 goblins
  3 hobgoblins
  2 jackals (D:1)
  4 ball pythons
  2 bats
  4 frilled lizards
  8 kobolds
  5 rats
116 creatures vanquished.

Notes
Turn   | Place    | Note
-------+----------+-------------------------------------------
     0 | D:1      | Timinator the Demigod Transmuter began the quest for the
                  | Orb.
     0 | D:1      | Reached XP level 1. HP: 15/15 MP: 5/5
   199 | D:1      | Reached skill level 1 in Fighting
   449 | D:1      | Reached XP level 2. HP: 23/23 MP: 5/7
   608 | D:1      | Reached skill level 3 in Unarmed Combat
  1078 | D:2      | Identified the ring "Ikuw" {rC+ Str+4}
  1111 | D:2      | Reached XP level 3. HP: 28/28 MP: 6/8
  1244 | D:2      | Found Xivui's Armour Boutique.
  1694 | D:3      | Noticed Jessica
  1699 | D:3      | Killed Jessica
  1700 | D:3      | Reached skill level 1 in Armour
  1700 | D:3      | Reached XP level 4. HP: 31/35 MP: 7/9
  1822 | D:3      | Got Plato's Essays on the Traveller
  2320 | D:4      | Reached XP level 5. HP: 40/41 MP: 9/11
  2708 | D:4      | Reached XP level 6. HP: 36/48 MP: 10/12
  3160 | D:5      | Entered Level 5 of the Dungeon
  3206 | D:5      | Reached skill level 4 in Unarmed Combat
  3447 | D:5      | Learned a level 2 spell: Wereblood
  3454 | D:5      | Learned a level 6 spell: Statue Form
  3750 | D:5      | Reached XP level 7. HP: 47/55 MP: 12/14
  4954 | D:6      | Reached skill level 5 in Unarmed Combat
  5428 | D:6      | Found a staircase to the Ecumenical Temple.
  5436 | D:6      | Reached XP level 8. HP: 62/62 MP: 12/16
  5537 | Temple   | Entered the Ecumenical Temple
  5537 | Temple   | Found a transporter.
  5537 | Temple   | Found a transporter.
  5639 | Temple   | Found a transporter.
  5639 | Temple   | Found a transporter.
  5931 | D:7      | Reached skill level 6 in Unarmed Combat
  5991 | D:7      | You fall into a shaft and drop 3 floors!
  5991 | D:10     | Entered Level 10 of the Dungeon
  6021 | D:10     | Reached skill level 5 in Transmutations
  6030 | D:10     | Noticed Lodul
  6036 | D:10     | Noticed a troll
  6046 | D:10     | Reached XP level 9. HP: 49/69 MP: 16/19
  6048 | D:10     | Mangled by Lodul

Illustrated notes

Levels and vault maps discovered:
D:1:      lemuel_arrival_hallway, layout_loops_ring
D:2:      layout_loops_cross, serial_shops, nicolae_diamond_shop,
          corexii_item_surrounded_by_moat, minmay_pentomino_w2
D:3:      layout_rooms, lemuel_round_altar, shapermc_ecumenical_altar_rom_forum,
          uniq_jessica
D:4:      layout_gridville, lemuel_crystal_altar,
          mainiacjoe_overflow_small_starburst
D:5:      layout_layer_cave, minmay_holes
D:6:      layout_basic, okawaru_metal_pillars_1_2, grunt_temple_overflow_open,
          minmay_temple_entry_offerings, solitary_fountain
D:7:      layout_basic, kiku_gazebo_garden_becter, kennysheep_doodads
D:10:     layout_basic, grunt_temple_overflow_diamond, gammafunk_ghost_split,
          st_stairs_9, uniq_lodul
Temple:   hellmonk_temple_divided_pantheon

Skill      XL: |  1  2  3  4  5  6  7  8 |
---------------+-------------------------+-----
Fighting       | 1 2 3 |  3.1
Transmutations | 2 3 4 5 |  5.2
Unarmed Combat | 3 4 5 6 |  6.9
Spellcasting   | 2 3 4 |  4.7
Dodging        | 2 3 4 |  4.8
Armour         | 1 2 |  2.4

Action                   |  1- 3 |  4- 6 |  7- 9 || total
-------------------------+-------+-------+-------++-------
Melee: Unarmed           |    83 |   106 |   167 ||   356
       Kick              |    13 |    33 |    55 ||   101
       Headbutt          |    12 |    16 |    27 ||    55
       Punch             |     3 |     2 |     4 ||     9
 Cast: Beastly Appendage |    16 |    24 |    17 ||    57
       Wereblood         |       |       |    12 ||    12
  Use: Scroll            |       |       |     6 ||     6
       Potion            |       |       |     5 ||     5
 Stab: Sleeping          |     1 |       |       ||     1
Armor: Robe              |     7 |       |       ||     7
       Leather armour    |     2 |       |       ||     2
       Ring mail         |    10 |    33 |    27 ||    70
       Skin              |       |       |    12 ||    12
Dodge: Dodged            |    29 |    67 |    87 ||   183
       Repelled          |       |     1 |       ||     1
